 Dungeon Crawl Stone Soup version 0.31-a0-833-gc15d34cb79 (webtiles) character file.

Game seed: 7747559252547110320

1520 tilp the Sneak (level 8, -9/61 HPs)
             Began as a Vampire Enchanter on Sept 26, 2023.
             Was a Follower of Wu Jian.
             Splashed by a jelly's acid (11 damage)
             ... on level 6 of the Dungeon.
             The game lasted 00:09:51 (5342 turns).

tilp the Sneak (Vampire Enchanter)                  Turns: 5342, Time: 00:09:52

Health: -9/61      AC: -5    Str:  7    XL:     8   Next: 54%
Magic:  11/13      EV: 13    Int: 19    God:    Wu Jian [*.....]
Gold:   269        SH:  0    Dex: 15    Spells: 1/14 levels left

rFire   . . .        a - +2 dagger (flame)
rCold   . . .        (no shield)
rNeg    . . .        b - +0 robe
rPois   .            (no helmet)
rElec   .            (no cloak)
rCorr   .            (no gloves)
SInv    +            o - +0 pair of boots
Will    +....        s - amulet of magic regeneration
Stlth   ++++         p - ring of willpower
HPRegen 0.50/turn    (no ring)
MPRegen 0.53/turn

%: no passive effects
@: corroded, healing quickly, slowed, invisible, very slow
A: alive, fangs 3, see invisible, vampiric 2
a: Exsanguinate, Renounce Religion


You were on level 6 of the Dungeon.
You worshipped Wu Jian.
Wu Jian was aware of your devotion.
You visited 2 branches of the dungeon, and saw 7 of its levels.

You collected 269 gold pieces.

Inventory:

Hand Weapons
 a - a +2 dagger of flaming (weapon)
Missiles
 f - 11 boomerangs
 j - 10 poisoned darts (quivered)
Armour
 b - a +0 robe (worn)
 o - a +0 pair of boots (worn)
Jewellery
 p - a ring of willpower (left hand)
 s - an amulet of magic regeneration (around neck)
Wands
 l - a wand of flame (29)
Scrolls
 m - a scroll of teleportation
 r - 2 scrolls of immolation
 t - a scroll of amnesia
Potions
 c - 2 potions of invisibility
 d - 2 potions of might
 e - a potion of haste
 g - 2 potions of ambrosia
 h - 2 potions of heal wounds
 i - a potion of degeneration {unknown}
 k - a potion of curing
 n - a potion of lignification {unknown}
 q - a potion of enlightenment {unknown}


   Skills:
 * Level 4.5 Fighting
 * Level 5.8 Short Blades
 - Level 4.0 Dodging
 + Level 7.3 Stealth
 + Level 3.8 Spellcasting
 + Level 6.9 Hexes
 * Level 0.4 Translocations
 - Level 2.0 Evocations


You had one spell level left.
You knew the following spells:

 Your Spells              Type           Power      Damage    Failure   Level
a - Ensorcelled Hibernat  Hex/Ice        32%        N/A       4%          2
b - Confusing Touch       Hex            29%        N/A       2%          3
c - Tukima's Dance        Hex            29%        N/A       2%          3
d - Dazzling Flash        Conj/Hex       32%        N/A       10%         3
e - Blink                 Tloc           10%        N/A       17%         2

Your spell library contained the following spells:

 Spells                   Type           Power      Damage    Failure   Level
 Summon Small Mammal      Summ           12%        N/A       14%         1
 Summon Guardian Golem    Hex/Summ       16%        N/A       10%         3
 Lesser Beckoning         Tloc           10%        N/A       17%         2
 Momentum Strike          Conj/Tloc      8%         3d8       19%         2
 Sublimation of Blood     Necr           3%         N/A       22%         2
 Wereblood                Tmut           3%         N/A       22%         2
 Call Canine Familiar     Summ           3%         N/A       38%         3
 Ozocubu's Armour         Ice            3%         N/A       38%         3
 Manifold Assault         Tloc           5%         N/A       75%         4
 Ozocubu's Refrigeration  Ice            1%         4d7       100%        7
 Summon Hydra             Summ           1%         N/A       100%        7


Dungeon Overview and Level Annotations

Branches:
Dungeon (6/15)             Temple (1/1) D:4

Altars:
Ashenzari
Cheibriados
Dithmenos
Fedhas
Gozag
Hepliaklqana
Kikubaaqudgha
Makhleb
Nemelex Xobeh
Okawaru
Ru
Sif Muna
Trog
Uskayaw
Vehumet
Wu Jian
Xom
Yredelemnul

Shops:
D:6 :


Innate Abilities, Weirdness & Mutations

Your natural rate of healing is accelerated.
You have razor-sharp teeth.
You have supernaturally acute eyesight. (SInv)
You are afflicted with vampirism and can become a bat while bloodless.


Message History

The kobold hits you with a +0 club.
* * * LOW HITPOINT WARNING * * *
The kobold brigand hits you with a +0 short sword.
* * * LOW HITPOINT WARNING * * *
The jelly barely misses you.
You feel better. The kobold barely misses you.
The kobold brigand hits you with a +0 short sword.
The jelly closely misses you. The kobold barely misses you.
The kobold brigand hits you with a +0 short sword.
* * * LOW HITPOINT WARNING * * *
The jelly hits you but does no damage.
Unknown command.
You fade into invisibility!
The kobold brigand barely misses you. The jelly barely misses you.
Unknown command.
You strike the helpless kobold brigand from behind!
You impale the kobold brigand!! You burn the kobold brigand!
You kill the kobold brigand!
The Council accepts your kill. The kobold hits you with a +0 club.
* * * LOW HITPOINT WARNING * * *
A kobold comes into view. It is wielding a +0 whip.
The jelly hits you.
* * * LOW HITPOINT WARNING * * *
The acid corrodes you!
You are splashed with acid!
* * * LOW HITPOINT WARNING * * *
Unknown command.
Casting: Ensorcelled Hibernation (safe; 4% risk of failure)
Confirm with . or Enter, or press ? or * to list all spells.
Aiming: Ensorcelled Hibernation (safe; 4% risk of failure)
Press: ? - help, Shift-Dir - straight line, f/p - jelly
Aim: a jelly (chance to affect: 58%)
The jelly resists with significant effort.
The kobold shouts! x2
The kobold hits you with a +0 club.
* * * LOW HITPOINT WARNING * * *
The jelly hits you.
* * * LOW HITPOINT WARNING * * *
The acid corrodes you!
You are splashed with acid!
You die...

*,,,,,,,*,*******.K#,,,***
***,,,,,,,* *#(.,,,,,,,
********* *.K#***,,,* *..#
*,,,* *#..#*****,*
*.K.,,,* *,, ##.#***,* **,
###########.K# *,* **
#....J@..KK.## *,* *
#.#...K)..K.# *,** *
*#.#.######..# *,,****
*..#.######..# **,,,,*
*,%......##.## ***,,,
*,*#.....##.# **,,*,
*,*#..∩..##.# *#..**,
*,*#.....##.# *#.s****
*,*#........# ##..** *


You could see a jelly and 5 kobolds.

Vanquished Creatures
  Grinder (D:5)
  Menkaure (D:5)
  An ice beast (D:5)
  2 ogres (D:5)
  A kobold brigand (D:6)
  7 scorpions
  A hound (D:4)
  An iguana (D:6)
  A sleepcap (D:4)
  2 orc wizards (D:5)
  6 gnolls
  13 adders
  An ufetubus (D:5)
  4 worms
  3 dart slugs
  18 orcs
  11 endoplasms
  2 giant cockroaches
  6 goblins
  9 hobgoblins
  9 jackals (D:2)
  11 kobolds
  4 quokkas
  9 ball pythons
  9 bats
  5 frilled lizards
  2 rats
140 creatures vanquished.

Vanquished Creatures (others)
  A dancing weapon (D:4)
  A butterfly (D:3)
2 creatures vanquished.

Grand Total: 142 creatures vanquished

Notes
Turn   | Place    | Note
-------+----------+-------------------------------------------
     0 | D:1      | tilp the Vampire Enchanter began the quest for the Orb.
     0 | D:1      | Reached XP level 1. HP: 13/13 MP: 3/3
   170 | D:1      | Reached XP level 2. HP: 20/20 MP: 5/5
   173 | D:1      | Learned a level 2 spell: Ensorcelled Hibernation
   578 | D:1      | Reached skill level 1 in Fighting
   707 | D:1      | Gained mutation: You are afflicted with vampirism and can
                  | become a bat while bloodless. [Vampire growth]
   707 | D:1      | Reached XP level 3. HP: 26/26 MP: 6/6
   711 | D:1      | Learned a level 3 spell: Confusing Touch
   980 | D:2      | Found a faded altar of an unknown god.
  1129 | D:2      | Reached skill level 5 in Stealth
  1198 | D:2      | Reached XP level 4. HP: 32/32 MP: 7/7
  1852 | D:2      | Reached XP level 5. HP: 38/38 MP: 5/8
  1856 | D:2      | Learned a level 3 spell: Tukima's Dance
  2491 | D:3      | Reached skill level 5 in Hexes
  2602 | D:3      | Found a basalt altar of Yredelemnul.
  2604 | D:3      | Noticed a profane servitor
  2623 | D:3      | Noticed an angel
  2777 | D:3      | Found a shimmering blue altar of Sif Muna.
  3157 | D:4      | Reached XP level 6. HP: 46/46 MP: 6/10
  3249 | D:4      | Found a staircase to the Ecumenical Temple.
  3263 | Temple   | Entered the Ecumenical Temple
  3297 | Temple   | Became a worshipper of the Wu Jian Council
  3434 | D:4      | Found an iron altar of Okawaru.
  3434 | D:4      | Found a hide-covered altar of Uskayaw.
  4079 | D:5      | Entered Level 5 of the Dungeon
  4115 | D:5      | Noticed Menkaure
  4122 | D:5      | Killed Menkaure
  4123 | D:5      | Reached skill level 1 in Evocations
  4181 | D:5      | Reached skill level 6 in Stealth
  4181 | D:5      | Reached XP level 7. HP: 52/52 MP: 6/11
  4283 | D:5      | Reached * piety under Wu Jian
  4420 | D:5      | Found a sacrificial altar of Ru.
  4421 | D:5      | Found a snail-covered altar of Cheibriados.
  4701 | D:5      | Noticed Grinder
  4704 | D:5      | Killed Grinder
  4705 | D:5      | Reached skill level 5 in Short Blades
  4705 | D:5      | Reached XP level 8. HP: 60/60 MP: 11/13
  4784 | D:5      | Learned a level 3 spell: Dazzling Flash
  4994 | D:5      | Reached skill level 7 in Stealth
  5166 | D:5      | Learned a level 2 spell: Blink
  5314 | D:6      | Found Nynet's Self-Published Books.
  5342 | D:6      | HP: 2/61 [jelly (3)]
  5342 | D:6      | Splashed by a jelly's acid

Illustrated notes

Levels and vault maps discovered:
D:1:      minmay_arrival_loop, layout_basic
D:2:      layout_loops_ring, shapermc_ecumenical_altar_notcrosses
D:3:      kennysheep_big_flooded_room, layout_rooms,
          grunt_temple_overflow_holy_war, lemuel_blue_sif_altar,
          nicolae_elyvilon_peaceful_grove
D:4:      layout_gridville, gammafunk_temple_overflow_statue,
          minmay_temple_entry_hall, serial_bayou, serial_bayou_crossing,
          serial_bayou_pond_e, serial_bayou_shore_a, serial_bayou_pond_b
D:5:      old_forge, layout_basic, nicolae_overflow_hidden_temple,
          dk_noncrumbling_4, skrybe_limestone_x, uniq_grinder, uniq_menkaure
D:6:      layout_rooms, nicolae_ossuary_entry_ruins, nicolae_custom_books
Temple:   nicolae_temple_figure_eight

Skill      XL: |  1  2  3  4  5  6  7  8 |
---------------+-------------------------+-----
Fighting       | 1 2 3 4 |  4.5
Short Blades   | 2 3 4 5 |  5.8
Stealth        | 5 6 7 |  7.3
Dodging        | 3 4 |  4.0
Hexes          | 5 6 |  6.9
Evocations     | 1 2 |  2.0
Spellcasting   | 3 |  3.8
Translocations | |  0.4

Action                     |  1- 3 |  4- 6 |  7- 9 || total
---------------------------+-------+-------+-------++-------
  Melee: Dagger            |   103 |   187 |   124 ||   414
         Bite              |    10 |    12 |    20 ||    42
         Punch             |     2 |     1 |     2 ||     5
  Throw: Dart              |       |     2 |       ||     2
   Cast: Ensorcelled Hiber |    13 |    44 |    34 ||    91
         Tukima's Dance    |       |     1 |     3 ||     4
         Confusing Touch   |       |       |     3 ||     3
Ability: Lunge             |       |     5 |     3 ||     8
    Use: Scroll            |     2 |     5 |     7 ||    14
         Potion            |       |       |     4 ||     4
   Stab: Sleeping          |    17 |    37 |    15 ||    69
         Confused          |       |       |     2 ||     2
         Invisible         |       |       |     1 ||     1
         Held in net/web   |       |       |     1 ||     1
 Armour: Robe              |    60 |    45 |    54 ||   159
  Dodge: Dodged            |    65 |   117 |    71 ||   253

Table legend: (Time is in decaauts)
 A = Elapsed time spent in this place.
 B = Non-inter-level travel time spent in this place.
 C = Inter-level travel time spent in this place.
 D = Time resting spent in this place.
 E = Time spent auto-exploring this place.
 F = Levels seen in this place.
 G = Mean time per level.
                   A        B        C        D        E       F      G
               +--------+--------+--------+--------+--------+-----+--------+
         Total |   5302 |   4986 |    316 |    528 |   3164 |   7 |  757.4 |
       Dungeon |   5251 |   4970 |    281 |    528 |   3149 |   6 |  875.2 |
        Temple |     51 |     16 |     35 |      0 |     15 |   1 |   51.0 |
               +--------+--------+--------+--------+--------+-----+--------+

Top non-repeatable levels by time:
     D:2: 1150 daAuts
     D:5: 1150 daAuts
     D:4: 1089 daAuts
     D:1: 1041 daAuts
     D:3: 729 daAuts
     D:6: 89 daAuts
  Temple: 51 daAuts
